 Dungeon Crawl Stone Soup version 0.18-a0-1273-g8ec5f8e (webtiles) character file.

35 M4edhros the Charlatan (level 3, -5/23 HPs)
             Began as an Octopode Artificer on Feb 8, 2016.
             Slain by a centaur skeleton (7 damage)
             ... on level 4 of the Dungeon.
             The game lasted 00:02:53 (1138 turns).

M4edhros the Charlatan (Octopode Artificer)         Turns: 1138, Time: 00:02:53

Health: -5/23      AC:  1    Str:  7 (10) XL:     3   Next: 33%
Magic:  6/6        EV: 12    Int: 13 (15) God:
Gold:   20         SH:  0    Dex: 10 (12) Spells: 0 memorised, 2 levels left

rFire  . . .     SeeInvis .     a - +0 short sword
rCold  . . .     Gourm    .     (no shield)
rNeg   . . .     Faith    .     (helmet restricted)
rPois  .         Spirit   .     (no amulet)
rElec  .         Dismiss  .     (no ring)
rCorr  .         Reflect  .     (no ring)
SustAt .         Harm     .     (no ring)
MR     .....                    (no ring)
Stlth  +++.......               (no ring)
                                (no ring)
                                (no ring)
                                (no ring)

@: not resistant to hostile enchantments, fairly stealthy
A: almost no armour, amphibious, 8 rings, constrict 8, camouflage 1, gelatinous
body 1
a: no special abilities


You were on level 4 of the Dungeon.
You were hungry.

You visited 1 branch of the dungeon, and saw 4 of its levels.

You collected 20 gold pieces.

Inventory:

Hand Weapons
 a - a +0 short sword (weapon)
 g - a +0 blowgun
Missiles
 e - 8 exploding sling bullets
 h - 18 poisoned needles
Wands
 b - a wand of flame (11/48)
 c - a wand of enslavement (13/24)
 d - a wand of random effects (15/48)
Scrolls
 i - a scroll of fear {unknown}
Comestibles
 f - a bread ration


   Skills:
 + Level 1.0 Fighting
 + Level 1.3 Short Blades
 + Level 2.4 Dodging
 + Level 1.5 Stealth
 + Level 4.2 Evocations


You had 2 spell levels left.
You didn't know any spells.

Dungeon Overview and Level Annotations

Branches:
Dungeon (4/15)
 Temple: D:4-7

Altars:
Nemelex Xobeh

Shops:
D:4 :


Innate Abilities, Weirdness & Mutations

You cannot wear most types of armour.
You are amphibious.
You can wear up to eight rings at the same time.
You can use your tentacles to constrict eight enemies at once.
Your skin changes colour to match your surroundings (Stealth).
Your rubbery body absorbs attacks (AC +1).


Message History

This wand has 13 charges left.
Evoke which item? (* to show all) (? for menu, Esc to quit)
Zapping:
b - a wand of flame (13/48)
Press: ? - help, Shift-Dir - straight line, f/p - centaur skeleton
Aim: a centaur skeleton The puff of flame hits the centaur skeleton.
This wand has 12 charges left.
You hit the centaur skeleton. The centaur skeleton hits you!
The centaur skeleton hits you.
You hit the centaur skeleton. The centaur skeleton hits you!
* * * LOW HITPOINT WARNING * * *
You are too injured to fight recklessly!
You are too injured to fight recklessly!
Evoke which item? (* to show all) (? for menu, Esc to quit)
Zapping:
b - a wand of flame (12/48)
Press: ? - help, Shift-Dir - straight line, f/p - centaur skeleton
Aim: a centaur skeleton The puff of flame hits the centaur skeleton.
This wand has 11 charges left.
The centaur skeleton hits you!
You die...

..[....# <......# #....
.......# . #.... .###+### ..
#...# .##..# ...##...# ...#
........ ........#....
....... ........#.... ..
...... ......Z.#... ....#
.##..# #@##.# ....# .##..###
##.##.####....# .#.....#
#.............# .#.....#
#.............## .'.....#
#..............# .#.....#
#..............# .#.....+
#..............# ###.##.#
############.##...#
###.##.####...##....##.##...#


You could see a centaur skeleton.

Vanquished Creatures
  A hound skeleton (D:4)
  A giant gecko (D:3)
  3 giant cockroaches
  2 goblins
  3 hobgoblins (D:1)
  A quokka (D:3)
  A bat (D:1)
  3 kobolds
  A rat (D:1)
16 creatures vanquished.

Vanquished Creatures (collateral kills)
  A worm (D:4)
  A giant cockroach (D:4)
  A quokka (D:4)
3 creatures vanquished.

Grand Total: 19 creatures vanquished

Notes
Turn   | Place    | Note
--------------------------------------------------------------
     0 | D:1      | M4edhros the Octopode Artificer began the quest for the Orb.
     0 | D:1      | Reached XP level 1. HP: 13/13 MP: 3/3
   217 | D:1      | Reached XP level 2. HP: 8/18 MP: 4/4
   446 | D:3      | Reached skill level 4 in Evocations
   463 | D:3      | Found a sparkling altar of Nemelex Xobeh.
   582 | D:4      | Reached XP level 3. HP: 19/23 MP: 6/6
   607 | D:4      | Found Xakkinla's Book Shoppe.
  1138 | D:4      | Slain by a centaur skeleton

Vault maps used:
D:1:      minmay_arrival_pointy, minmay_misc_feat_more_columns
D:2:      nicolae_overflow_hidden_temple, first_bread, grunt_pakellas_mercury
D:3:      minmay_goblin_kobold_castle, lemuel_crystal_altar,
          roderic_greek_sauvastika, nicolae_ru_great_annihilating_truth,
          uniq_grinder, uniq_sigmund
D:4:      serial_shops, shop, st_stairs_3

Action                   || total
-------------------------++-------
Melee: Short sword       ||    35
Evoke: Wand              ||     6
  Use: Potion            ||     1
 Stab: Sleeping          ||     3
